 Dungeon Crawl Stone Soup version 0.27.0-1-g7a089689b8 (webtiles) character file.

Game seed: 17607925623777831634

30 voltaire321 the Stinger (level 3, 0/20 HPs)
             Began as a Deep Elf Venom Mage on Aug 12, 2021.
             Succumbed to an adder's poison
             ... on level 2 of the Dungeon.
             The game lasted 00:02:07 (882 turns).

voltaire321 the Stinger (Deep Elf Venom Mage)        Turns: 882, Time: 00:02:08

Health: 0/20       AC:  2    Str:  5    XL:     3   Next: 3%
Magic:  5/9        EV: 13    Int: 20    God:
Gold:   28         SH:  0    Dex: 15    Spells: 5/8 levels left

rFire    . . .     SeeInvis .   b - +0 dagger
rCold    . . .     Faith    .   (no shield)
rNeg     . . .     Spirit   .   a - +0 robe
rPois    .         Reflect  .   (no helmet)
rElec    .         Harm     .   (no cloak)
rCorr    .         Rampage  .   (no gloves)
Will     .....                  (no boots)
Stlth    ++........             (no amulet)
HPRegen  0.06/turn              (no ring)
MPRegen  0.11/turn              (no ring)

@: lethally poisoned (0 -> -3)
A: no striking features
a: no special abilities


You were on level 2 of the Dungeon.
You visited 1 branch of the dungeon, and saw 2 of its levels.

You collected 28 gold pieces.

Inventory:

Hand Weapons
 b - a +0 dagger (weapon)
Armour
 a - a +0 robe (worn)
Scrolls
 c - a scroll of identify {unknown}
 d - a scroll of torment {unknown}


   Skills:
 + Level 0.6 Fighting
 + Level 2.9 Dodging
 - Level 2.4 Stealth
 + Level 3.4 Spellcasting
 + Level 1.7 Transmutations
 + Level 0.1 Air Magic
 + Level 3.6 Poison Magic


You had 5 spell levels left.
You knew the following spells:

 Your Spells              Type           Power      Damage    Failure   Level
a - Sting                 Tmut/Pois      56%        1d5       4%          1
b - Poisonous Vapours     Pois/Air       20%        N/A       10%         2

Your spell library contained the following spells:

 Spells                   Type           Power      Damage    Failure   Level
 Mephitic Cloud           Conj/Pois/Air  8%         N/A       24%         3
 Olgreb's Toxic Radiance  Pois           17%        N/A       30%         4


Dungeon Overview and Level Annotations

Branches:
Dungeon (1/15)

Altars:
Beogh


Message History

Aim: an endoplasm (moderately wounded, poisoned, 98% to hit)
The sting hits the endoplasm.
The endoplasm looks even sicker.
The endoplasm is heavily wounded.
The endoplasm barely misses you.
You barely miss the endoplasm.
The endoplasm is heavily wounded.
The endoplasm hits you.
You kill the endoplasm!
Casting: Sting (safe; 4% risk of failure)
Confirm with . or Enter, or press ? or * to list all spells.
Aiming: Sting (safe; 4% risk of failure)
Press: ? - help, Shift-Dir - straight line, f - adder
Aim: an adder (53% to hit)
The sting hits the adder.
The adder is poisoned.
The adder is moderately wounded.
The adder closely misses you. The adder bites you.
* * * LOW HITPOINT WARNING * * *
You are lethally poisoned!
The adder poisons you!
Casting: Sting (safe; 4% risk of failure)
Confirm with . or Enter, or press ? or * to list all spells.
Aiming: Sting (safe; 4% risk of failure)
Press: ? - help, Shift-Dir - straight line, f/p - adder
Aim: an adder (heavily wounded, poisoned, 53% to hit)
The sting hits the adder.
The adder looks even sicker.
You kill the adder!
* * * LOW HITPOINT WARNING * * *
You feel sick.
A rat comes into view.
You have reached level 3!
Your experience leads to an increase in your attributes!
Increase (S)trength, (I)ntelligence, or (D)exterity?
You feel clever.
You aren't carrying any potions.
There is a lethal amount of poison in your body!
* * * LOW HITPOINT WARNING * * *
You feel sick.
You see here an adder corpse.
You die...

b..###... ...#..#
....
.##########'#######
.......)..S........
#######'###########
#...#.# #.#.#S#
#@#.#.# #†#.#.#
#.#...# #.##### #.#
#.# #.# #.# #r.


There were no monsters in sight!

Vanquished Creatures
  An adder (D:2)
  2 dart slugs (D:1)
  3 endoplasms
  3 giant cockroaches (D:1)
  A goblin (D:1)
  A hobgoblin (D:1)
  A quokka (D:1)
  A ball python (D:1)
  A bat (D:1)
  A frilled lizard (D:1)
  A rat (D:1)
16 creatures vanquished.

Notes
Turn   | Place    | Note
-------+----------+-------------------------------------------
     0 | D:1      | voltaire321 the Deep Elf Venom Mage began the quest for the
                  | Orb.
     0 | D:1      | Reached XP level 1. HP: 10/10 MP: 6/6
   431 | D:1      | Reached XP level 2. HP: 12/16 MP: 6/8
   744 | D:1      | Found a faded altar of an unknown god.
   845 | D:1      | You fall into a shaft and drop 1 floor!
   851 | D:2      | Learned a level 2 spell: Poisonous Vapours
   881 | D:2      | Reached XP level 3. HP: 2/20 MP: 5/9
   881 | D:2      | HP: 1/20 [poisoned by an adder]
   882 | D:2      | Succumbed to an adder's poison

Illustrated notes

Levels and vault maps discovered:
D:1:      nzn_arrival_crosshair, layout_rooms,
          hellmonk_ecumenical_altar_defaced_shrine, minmay_close_crescents
D:2:      layout_basic, st_stairs_6, roderic_serpentine_path,
          minmay_strange_pillars, minmay_misc_feat_four_crosses

Action                   || total
-------------------------++-------
Melee: Dagger            ||    12
       Unarmed           ||     1
 Cast: Sting             ||    20
Armor: Robe              ||     1
Dodge: Dodged            ||    16
